 Dungeon Crawl Stone Soup version 0.30-a0-918-g0ff054e9dc (webtiles) character file.

Game seed: 1611976779564101536

746 Iniera the Poker (level 7, -5/56 HPs)
             Began as a Demonspawn Fighter on Mar 20, 2023.
             Was a Believer of Qazlal.
             Slain by an iguana (11 damage)
             ... on level 5 of the Dungeon.
             The game lasted 00:05:36 (3879 turns).

Iniera the Poker (Demonspawn Fighter)               Turns: 3879, Time: 00:05:37

Health: -5/56      AC:  9    Str: 25    XL:     7   Next: 48%
Magic:  5/7        EV: 10    Int:  9    God:    Qazlal [**....]
Gold:   204        SH:  7    Dex: 12    Spells: 6/6 levels left

rFire   . . .      SeeInvis .    a - +0 trident
rCold   . . .      Faith    .    c - +0 buckler
rNeg    . . .      Spirit   .    b - +0 scale mail
rPois   .          Reflect  .    (no helmet)
rElec   .          Rampage  .    (no cloak)
rCorr   +                        (no gloves)
Will    .....                    o - +2 pair of boots
Stlth   +                        i - amulet of the acrobat
HPRegen 0.29/turn                v - +6 ring of strength
MPRegen 0.10/turn                y - ring of resist corrosion

@: lethally poisoned (-5 -> -11), flying
A: sturdy frame 2, weakness stinger 2
a: Renounce Religion, Upheaval


You were on level 5 of the Dungeon.
You worshipped Qazlal.
Qazlal was pleased with you.
You visited 2 branches of the dungeon, and saw 6 of its levels.

You collected 204 gold pieces.

Inventory:

Hand Weapons
 a - a +0 trident (weapon)
Missiles
 s - 5 silver javelins (quivered)
 w - a throwing net
Armour
 b - a +0 scale mail (worn)
 c - a +0 buckler (worn)
 o - a +2 pair of boots (worn)
Jewellery
 i - an amulet of the acrobat (around neck)
 v - a +6 ring of strength (left hand)
 y - a ring of resist corrosion (right hand)
Scrolls
 d - a scroll of fog
 e - 4 scrolls of teleportation
 g - 3 scrolls of identify
 h - a scroll of fear
 t - a scroll of magic mapping
Potions
 f - a potion of berserk rage {unknown}
 j - 2 potions of degeneration {unknown}
 k - 2 potions of curing {unknown}
 l - a potion of haste {unknown}
 m - 2 potions of flight
 n - a potion of attraction {unknown}
 p - 2 potions of lignification {unknown}
 q - a potion of resistance {unknown}
 r - a potion of mutation {unknown}
 u - a potion of ambrosia {unknown}
 x - 2 potions of brilliance {unknown}


   Skills:
 + Level 5.3 Fighting
 * Level 6.6 Polearms
 - Level 2.6 Armour
 - Level 2.6 Shields


You had 6 spell levels left.
You didn't know any spells.
Your spell library contained the following spells:

 Spells                   Type           Power      Damage    Failure   Level
 Apportation              Tloc           0%         N/A       58%         1
 Magic Dart               Conj           0%         1d3       58%         1
 Necrotise                Necr           0%         1d4       58%         1
 Summon Small Mammal      Summ           0%         N/A       58%         1
 Call Imp                 Summ           0%         N/A       73%         2
 Frozen Ramparts          Ice            0%         1d1       91%         3
 Ignite Poison            Fire/Tmut/Pois 0%         N/A       91%         3
 Inner Flame              Hex/Fire       0%         N/A       91%         3
 Kindle Blastsparks       Fire/Tloc/Air  0%         2d10      91%         3
 Mephitic Cloud           Conj/Pois/Air  0%         N/A       91%         3
 Cause Fear               Hex            0%         N/A       100%        4
 Ice Form                 Ice/Tmut       0%         N/A       100%        4
 Summon Ice Beast         Ice/Summ       0%         N/A       100%        4
 Freezing Cloud           Conj/Ice/Air   0%         6-21      100%        5
 Discord                  Hex            0%         N/A       100%        8


Dungeon Overview and Level Annotations

Branches:
Dungeon (5/15)             Temple (1/1) D:4

Altars:
Makhleb
Qazlal
Ru
Trog
Uskayaw
Vehumet
Wu Jian
Xom

Annotations:
D:4 2 transporters, AverageBear's ghost, amateur OpFi
D:5 Eustachio
Temple 2 transporters


Innate Abilities, Weirdness & Mutations

Your movements are less encumbered by armour. (ER -4)
You have a tail ending in a sharp stinger.


Message History

You aren't carrying any items that you can evoke.
a - a +0 trident (weapon)
The killer bee stings you.
Reach: a) +0 trident
Press: ? - help, Dir - move target, f/p - Eustachio
Aim: Eustachio, wielding a +0 rapier and wearing a +0 leather armour (severely wounded, about 49% to evade your +0 trident)
The killer bee is in the way.
You barely miss the killer bee.
The killer bee stings you but does no damage.
The iguana bites you. x2; You block the killer bee's attack.
Reach: a) +0 trident
Press: ? - help, Dir - move target, f/p - Eustachio
Aim: Eustachio, wielding a +0 rapier and wearing a +0 leather armour (severely wounded, about 49% to evade your +0 trident)
You reach to attack!
You puncture Eustachio!
Eustachio is almost dead.
The killer bee stings you.
You are poisoned.
The killer bee poisons you! The iguana barely misses you.
Eustachio gestures wildly while chanting.
Eustachio blinks!
You block the iguana's attack. The killer bee stings you.
* * * LOW HITPOINT WARNING * * *
You are more poisoned.
The killer bee poisons you!
It was a potion of flight.
You feel very buoyant.
You fly up into the air.
You feel very sick.
The killer bee stings you but does no damage.
The iguana bites you.
* * * LOW HITPOINT WARNING * * *
The iguana bites you but does no damage.
The killer bee stings you but does no damage.
Reach: a) +0 trident
Press: ? - help, Dir - move target, f/p - Eustachio
Aim: Eustachio, wielding a +0 rapier and wearing a +0 leather armour (almost dead, about 49% to evade your +0 trident)
You reach to attack!
You hit Eustachio but do no damage.
Eustachio is almost dead.
* * * LOW HITPOINT WARNING * * *
You feel very sick. You block the killer bee's attack. The iguana bites you!
You die...

#....# ###..## #..##..#####
#....# ##....###.........#
...#.# #..##.##..#...###.#
..##.# ##.###.#..##.### #
..##.# #..# #...###.# .#
..##.####.## ##..###.## .#
..##.##...# ###.......# .####
.....##.#####..l####..####<....
..............@.@lrrr........<
.###....####<####y####....###
.# ##....###.####hl.†l....#
.###......##...o.o.#####.##
.............##5#### #..#
.#.............[# ##.l@.#
.#.##.>......#### ####r#
.#.##........# yr
...###.....### ...


You could see Eustachio, 3 iguanas, a killer bee, a river rat (summoned), an
orc, 2 quokkas and a jackal.

Vanquished Creatures
  Menkaure (D:4)
  An ogre (D:4)
  A phantom (D:5)
  2 killer bees (D:5)
  2 hounds
  A sleepcap (D:5)
  3 orc wizards
  3 gnolls (D:5)
  5 adders (D:4)
  A shadow imp (D:5)
  2 dart slugs
  16 orcs
  2 bats
  8 endoplasms
  11 giant cockroaches
  5 goblins (D:1)
  12 hobgoblins
  5 jackals
  7 quokkas
  6 ball pythons
  3 frilled lizards
  14 kobolds
  3 rats
114 creatures vanquished.

Notes
Turn   | Place    | Note
-------+----------+-------------------------------------------
     0 | D:1      | Iniera the Demonspawn Fighter began the quest for the Orb.
     0 | D:1      | Reached XP level 1. HP: 18/18 MP: 1/1
    74 | D:1      | Reached skill level 2 in Polearms
   188 | D:1      | Gained mutation: Your movements are slightly less
                  | encumbered by armour. (ER -2) [demonic ancestry]
   188 | D:1      | Reached XP level 2. HP: 24/24 MP: 2/2
   280 | D:1      | Reached skill level 3 in Polearms
   388 | D:1      | Reached XP level 3. HP: 29/29 MP: 3/3
  1086 | D:2      | Found a faded altar of an unknown god.
  1122 | D:2      | Found a stormy altar of Qazlal.
  1146 | D:2      | Became a worshipper of Qazlal Stormbringer
  1892 | D:3      | Reached XP level 4. HP: 35/35 MP: 4/4
  2121 | D:4      | Found a transporter.
  2129 | D:4      | Found a transporter.
  2129 | D:4      | Noticed AverageBear's ghost (amateur OpFi)
  2129 | D:4      | Noticed an ogre
  2129 | D:4      | Noticed an ogre
  2324 | D:4      | Reached skill level 4 in Polearms
  2377 | D:4      | Found a staircase to the Ecumenical Temple.
  2497 | D:4      | Noticed an ogre
  2504 | D:4      | Killed an ogre
  2504 | D:4      | Reached * piety under Qazlal
  2505 | D:4      | Gained mutation: You have a small tail. [demonic ancestry]
  2505 | D:4      | Reached XP level 5. HP: 20/42 MP: 5/5
  2644 | Temple   | Entered the Ecumenical Temple
  2644 | Temple   | Found a transporter.
  2644 | Temple   | Found a transporter.
  2762 | D:4      | Reached skill level 5 in Polearms
  2909 | D:4      | Gained mutation: Your movements are less encumbered by
                  | armour. (ER -4) [demonic ancestry]
  2909 | D:4      | Reached XP level 6. HP: 41/48 MP: 6/6
  3082 | D:4      | Noticed Menkaure
  3089 | D:4      | Killed Menkaure
  3306 | D:5      | Entered Level 5 of the Dungeon
  3343 | D:5      | Found an ornate altar of the Wu Jian Council.
  3407 | D:5      | Reached skill level 6 in Polearms
  3407 | D:5      | Gained mutation: You have a tail ending in a sharp stinger.
                  | [demonic ancestry]
  3407 | D:5      | Reached XP level 7. HP: 51/55 MP: 7/7
  3613 | D:5      | Reached skill level 5 in Fighting
  3614 | D:5      | Reached ** piety under Qazlal
  3827 | D:5      | Noticed Eustachio
  3879 | D:5      | Slain by an iguana

Illustrated notes

Levels and vault maps discovered:
D:1:      sevenhm_arrival_forest_fort_small_3, layout_loops_corners
D:2:      layout_basic, hellmonk_ecumenical_altar_run_dry, basic_altar
D:3:      layout_rooms, minmay_distorted
D:4:      layout_basic, temple_doors_cd, gammafunk_ghost_smash, uniq_menkaure
D:5:      layout_rooms, nzn_wu_jian_council_hall, uniq_eustachio
Temple:   hellmonk_temple_divided_pantheon

Skill      XL: |  1  2  3  4  5  6  7 |
---------------+----------------------+-----
Polearms       | 2 3 4 5 6 |  6.6
Fighting       | 4 5 |  5.3
Armour         | |  2.6
Shields        | |  2.6

Action                     |  1- 3 |  4- 6 |  7- 9 || total
---------------------------+-------+-------+-------++-------
  Melee: Trident           |   176 |   133 |    93 ||   402
         Tailslap          |       |     7 |    14 ||    21
 Invoke: Upheaval          |       |       |     1 ||     1
    Use: Scroll            |     4 |       |     1 ||     5
         Potion            |       |     1 |     1 ||     2
 Armour: Scale mail        |    64 |    40 |    41 ||   145
  Dodge: Dodged            |    61 |    49 |    69 ||   179
  Block: Buckler           |    21 |    25 |    48 ||    94

Table legend: (Time is in decaauts)
 A = Elapsed time spent in this place.
 B = Non-inter-level travel time spent in this place.
 C = Inter-level travel time spent in this place.
 D = Time resting spent in this place.
 E = Time spent auto-exploring this place.
 F = Levels seen in this place.
 G = Mean time per level.
                   A        B        C        D        E       F      G
               +--------+--------+--------+--------+--------+-----+--------+
         Total |   3928 |   3822 |    106 |     43 |   2810 |   6 |  654.7 |
       Dungeon |   3926 |   3820 |    106 |     43 |   2810 |   5 |  785.2 |
        Temple |      1 |      1 |      0 |      0 |      0 |   1 |    1.0 |
               +--------+--------+--------+--------+--------+-----+--------+

Top non-repeatable levels by time:
     D:4: 1211 daAuts
     D:1: 1017 daAuts
     D:2: 648 daAuts
     D:5: 575 daAuts
     D:3: 474 daAuts
  Temple: 1 daAuts
